 Dungeon Crawl Stone Soup version 0.20-a0-1050-g57248f3 (webtiles) character file.

390 Gorglomux the Cleaver (level 6, -1/51 HPs)
             Began as a Hill Orc Abyssal Knight on Apr 25, 2017.
             Was a Believer of Lugonu.
             Slain by a slave (3 damage)
             ... led by Pikel
             ... on level 3 of the Dungeon.
             The game lasted 00:07:40 (5251 turns).

Gorglomux the Cleaver (Hill Orc Abyssal Knight)     Turns: 5251, Time: 00:07:40

Health: -1/51      AC:  4    Str: 17    XL:     6   Next: 80%
Magic:  7/7        EV: 11    Int: 12    God:    Lugonu [**....]
Gold:   259        SH:  0    Dex: 10    Spells: 5/5 levels left

rFire    . . .     SeeInvis .   a - +1 hand axe
rCold    . . .     Gourm    .   (no shield)
rNeg     . . .     Faith    .   b - +0 leather armour
rPois    .         Spirit   .   (no helmet)
rElec    .         Reflect  .   (no cloak)
rCorr    .         Harm     .   (no gloves)
MR       .....                  e - +0 pair of boots
Stlth    +.........             (no amulet)
Regen    0.2/turn               (no ring)
MPRegen  0.1/turn               (no ring)

@: drained
A: no striking features
a: Depart the Abyss, Bend Space, Renounce Religion


You were on level 3 of the Dungeon.
You worshipped Lugonu.
Lugonu was pleased with you.
You were not hungry.

You visited 1 branch of the dungeon, and saw 4 of its levels.
You visited the Abyss 1 time.

You collected 259 gold pieces.

Inventory:

Hand Weapons
 a - a +1 hand axe (weapon)
Missiles
 x - a throwing net {=f, !d}
Armour
 b - a +0 leather armour (worn)
 e - a +0 pair of boots (worn)
   (You found it on level 2 of the Dungeon)
 f - a +0 cloak
   (You found it on level 2 of the Dungeon)
 o - a +0 cloak
   (You found it on level 1 of the Dungeon)
Wands
 q - a wand of polymorph (0/24)
   (You found it on level 2 of the Dungeon)
 w - a wand of lightning (0/15)
   (You took it off a gnoll on level 3 of the Dungeon)
 z - a wand of polymorph (7/24)
   (You found it on level 3 of the Dungeon)
Scrolls
 d - 3 scrolls of random uselessness {unknown}
 h - a scroll of teleportation {unknown}
 i - 4 scrolls of identify {unknown}
 j - 2 scrolls of remove curse {unknown}
 k - 2 scrolls of fog {unknown}
 m - 2 scrolls of amnesia {unknown}
 n - a scroll of recharging {unknown}
 r - 5 scrolls of blinking {unknown}
 s - a scroll of enchant weapon {unknown}
 u - a scroll of noise {unknown}
Potions
 g - 2 potions of curing
 t - 2 potions of lignification {unknown}
 v - a potion of flight
Comestibles
 c - 2 bread rations {@e1@e1}
 l - a meat ration {@e2@e2}
 p - 9 fruits
 A - a chunk of flesh {@w0@w0}


   Skills:
 - Level 3.6(3.2) Fighting
 + Level 9.2(8.8) Axes
 - Level 2.1(1.8) Armour
 - Level 0.7(0.4) Dodging
 - Level 2.4(2.0) Invocations


You had 5 spell levels left.
You didn't know any spells.

Dungeon Overview and Level Annotations

Branches:
Dungeon (4/15)
 Temple: D:4-7

Altars:
Nemelex Xobeh
Qazlal
Ru
Uskayaw

Annotations:
D:4 Pikel


Message History

You take 1 damage, and have 49/51 hp.
Unknown command.
You hit the worker ant.
You feel sick.
The worker ant bites you but does no damage.
You take 1 damage, and have 48/51 hp.
Unknown command.
You hit the worker ant. You hit the orc. The orc barely misses you.
The worker ant bites you.
You are more poisoned.
The worker ant poisons you!
You take 1 damage, and have 47/51 hp.
You hit the worker ant.
You kill the worker ant!
Lugonu accepts your kill.
You hit the orc.
You feel sick. The orc barely misses you.
You take 1 damage, and have 46/51 hp.
Unknown command.
You hit the orc.
You kill the orc!
Lugonu accepts your kill.
You feel sick.
You take 1 damage, and have 45/51 hp.
No target in view!
Unknown command.
No target in view!
A slave comes into view.
You feel sick.
The slave shouts!
Things that are here:
a hand axe; an orc corpse You butcher the orc corpse.
You feel sick.
Things that are here:
a hand axe; a chunk of flesh {@w0@w0} You take 1 damage, and have 44/51 hp.
You feel sick.
There is a stone staircase leading up here.
You take 1 damage, and have 43/51 hp.
A slave is nearby!
Aim: a slave, wearing an animal skin You throw a javelin.
The javelin barely misses the slave.
You feel sick.
You take 1 damage, and have 42/51 hp.
Aim: a slave, wearing an animal skin You throw a javelin.
The javelin hits the slave but does no damage.
You feel sick.
You take 1 damage, and have 41/51 hp.
Aim: a slave, wearing an animal skin You throw a javelin.
The javelin closely misses the slave.
Pikel shouts!
You feel sick. The slave hits you.
You climb upwards.
You feel sick.
There is a stone staircase leading down, spattered with blood here.
You take 6 damage, and have 36/51 hp.
You hit the slave but do no damage. The slave hits you but does no damage.
You slash the slave! The slave closely misses you.
You barely miss the slave.
You feel sick. The slave hits you.
You take 1 damage, and have 35/51 hp.
You closely miss the slave. You hit the slave.
The slave hits you but does no damage.
You closely miss the slave.
You feel sick. The slave barely misses you.
You take 1 damage, and have 34/51 hp.
You hit the slave. The slave closely misses you.
You hit the slave. The slave misses you.
You hit the slave.
You feel sick. The slave barely misses you.
You take 1 damage, and have 33/51 hp.
You closely miss the slave. The slave misses you.
You closely miss the slave. The slave hits you.
You take 6 damage, and have 28/51 hp.
You hit the slave.
You are too injured to fight recklessly!
You closely miss the slave. The slave hits you.
You take 4 damage, and have 24/51 hp.
You hit the slave but do no damage.
You feel sick. The slave hits you!
You take 8 damage, and have 16/51 hp.
You are too injured to fight recklessly!
You hit the slave. The slave barely misses you.
You barely miss the slave. The slave hits you.
* * * LOW HITPOINT WARNING * * *
You take 2 damage, and have 14/51 hp.
You closely miss the slave. The slave hits you!
* * * LOW HITPOINT WARNING * * *
You take 6 damage, and have 8/51 hp.
You closely miss the slave.
You feel sick. The slave misses you.
You take 1 damage, and have 7/51 hp.
You feel sick.
You are no longer poisoned.
You take 1 damage, and have 6/51 hp.
Aim: a slave, wearing an animal skin (almost dead)
You hear a mighty clap of thunder!
The bolt of lightning misses the slave.
Evoking this partially-identified wand wasted a few charges.
The slave hits you.
* * * LOW HITPOINT WARNING * * *
You take 6 damage, and have 1/51 hp.
There's nothing to close nearby.
You hear a mighty clap of thunder!
The bolt of lightning misses the slave.
Evoking this partially-identified wand wasted a few charges.
The slave hits you.
You die...

##....## #..##..###
#.##.....##
#.#.......##
...........#######
.................#
#................#
...........)<....#
#..............p@#
#.#........###...##
............#.....##
#..................#
##...............<.#
#..................#
#.......[..##.....##
..#....>..##.......#
####.....###.......#


You could see a slave.

Vanquished Creatures
  A slave (D:3)
  An iron imp (D:3)
  A hound (D:4)
  3 orc wizards (D:3)
  Jessica (D:2)
  A worker ant (D:4)
  8 gnolls
  2 adders
  A river rat (D:2)
  An ooze (D:3)
  An adder skeleton (D:4)
  2 worms
  2 dart slugs
  4 leopard geckos
  4 orcs
  4 giant cockroaches
  7 goblins
  9 hobgoblins
  2 jackals (D:4)
  A quokka (D:3)
  4 ball pythons
  4 bats
  3 frilled lizards
  11 kobolds
  8 rats
86 creatures vanquished.

Notes
Turn   | Place    | Note
-------+----------+-------------------------------------------
     0 | Abyss:1  | Gorglomux the Hill Orc Abyssal Knight began the quest for the Orb.
     0 | Abyss:1  | Reached XP level 1. HP: 19/19 MP: 2/2
    18 | Abyss:1  | Found a corrupted altar of Lugonu.
   150 | Abyss:2  | Noticed an efreet
   150 | Abyss:2  | Noticed a smoke demon
   151 | D:1      | Escaped the Abyss
   170 | D:1      | Reached skill level 3 in Axes
   199 | D:1      | You fall through a shaft!
   207 | D:2      | HP: 4/19 [adder (1)]
   210 | D:2      | Reached XP level 2. HP: 5/26 MP: 3/3
   212 | D:2      | HP: 4/26 [poisoned by an adder]
   219 | D:2      | HP: 2/26 [poisoned by an adder]
   227 | D:2      | HP: 1/26 [poisoned by an adder]
   577 | D:2      | Reached skill level 4 in Axes
   589 | D:1      | Reached * piety under Lugonu
   791 | D:1      | Reached XP level 3. HP: 30/31 MP: 4/4
  1443 | D:2      | Noticed Sigmund
  1472 | D:2      | Found a stormy altar of Qazlal.
  1498 | D:2      | Noticed Sigmund
  1498 | D:2      | Sigmund changed into Sigmund the gnoll
  1502 | D:2      | Killed Sigmund the gnoll
  1502 | D:2      | Reached skill level 5 in Axes
  1898 | D:2      | Noticed Jessica
  1900 | D:2      | Killed Jessica
  1900 | D:2      | Reached skill level 6 in Axes
  1900 | D:2      | Reached XP level 4. HP: 39/39 MP: 5/5
  1962 | D:2      | Found a runed door.
  2050 | D:2      | Noticed Crazy Yiuf
  2059 | D:2      | Noticed Crazy Yiuf
  2059 | D:2      | Crazy Yiuf changed into Crazy Yiuf the river rat
  2073 | D:2      | Killed Crazy Yiuf the river rat
  2073 | D:2      | Reached ** piety under Lugonu
  2592 | D:3      | Reached XP level 5. HP: 45/45 MP: 6/6
  2622 | D:3      | Reached skill level 7 in Axes
  2623 | D:3      | HP: 9/45 [orc wizard/magic dart (5)]
  2977 | D:3      | Found a faded altar of an unknown god.
  2998 | D:3      | Noticed Grinder
  3019 | D:3      | Noticed Grinder
  3019 | D:3      | Grinder changed into Grinder the iron imp
  3261 | D:3      | Killed Grinder the iron imp
  3261 | D:3      | Reached skill level 8 in Axes
  3261 | D:3      | Reached XP level 6. HP: 17/51 MP: 7/7
  3567 | D:3      | HP: 12/51 [gnoll/wand of lightning (?/15) (29)]
  3840 | D:4      | Found a sacrificial altar of Ru.
  3875 | D:4      | Found a hide-covered altar of Uskayaw.
  3960 | D:4      | HP: 10/51 [gnoll/flail (12)]
  3961 | D:4      | HP: 4/51 [gnoll/flail (6)]
  4123 | D:4      | HP: 9/51 [gnoll/flail (4)]
  4153 | D:4      | HP: 10/51 [adder skeleton (1)]
  4195 | D:4      | HP: 9/51 [gnoll (6)]
  4197 | D:4      | HP: 3/51 [gnoll (7)]
  4615 | D:4      | Noticed a slave
  4616 | D:4      | Noticed a slave
  4617 | D:4      | Noticed Pikel
  4658 | D:3      | Reached skill level 9 in Axes
  5005 | D:4      | Found a sparkling altar of Nemelex Xobeh.
  5005 | D:4      | Noticed a slave
  5028 | D:3      | Killed a slave
  5215 | D:4      | Noticed a slave
  5239 | D:3      | HP: 8/51 [slave[Pikel] (7)]
  5244 | D:3      | HP: 6/51 [poisoned by a worker ant]
  5250 | D:3      | HP: 1/51 [slave[Pikel] (6)]
  5251 | D:3      | Slain by a slave

Vault maps used:
D:1:      ncdulo_lavacross
D:2:      lemuel_doored_altar, uniq_jessica, uniq_sigmund,
          uniq_crazy_yiuf_cottage
D:3:      first_bread, chequers_ecumenical_altar_twisty, uniq_grinder
D:4:      lemuel_crystal_altar, grunt_temple_overflow_open, lemuel_round_altar,
          st_stairs_1, uniq_blork_the_orc, uniq_pikel
Abyss:2:  hangedman_cross_veins

Skill      XL: |  1  2  3  4  5  6 |
---------------+-------------------+-----
Axes           | 3 4 6 8 9 |  9.2
Fighting       | |  3.6
Armour         | |  2.1
Dodging        | |  0.7
Invocations    | |  2.4

Action                   |  1- 3 |  4- 6 || total
-------------------------+-------+-------++-------
Melee: Hand axe          |   100 |   224 ||   324
Throw: Javelin           |    22 |    27 ||    49
       Throwing net      |       |     1 ||     1
Invok: Depart the Abyss  |     1 |       ||     1
Evoke: Wand              |     1 |     6 ||     7
  Use: Potion            |     4 |     2 ||     6
  Eat: Chunk             |     3 |     6 ||     9
       Meat ration       |       |     1 ||     1
Armor: Leather armour    |    20 |    37 ||    57
Dodge: Dodged            |    68 |   135 ||   203

Vault maps used:
D:1:      ncdulo_lavacross
D:2:      lemuel_doored_altar, uniq_jessica, uniq_sigmund,
          uniq_crazy_yiuf_cottage
D:3:      first_bread, chequers_ecumenical_altar_twisty, uniq_grinder
D:4:      lemuel_crystal_altar, grunt_temple_overflow_open, lemuel_round_altar,
          st_stairs_1, uniq_blork_the_orc, uniq_pikel
Abyss:2:  hangedman_cross_veins

Table legend:
 A = Turns spent in this place as a percentage of turns spent in the entire game.
 B = Non-inter-level travel turns spent in this place as a percentage of non-inter-level travel turns spent in the entire game.
 C = Inter-level travel turns spent in this place as a percentage of turns spent in this place.
 D = Turns resting spent in this place as a percentage of non-inter-level travel turns spent in this place.
 E = Turns spent auto-exploring this place as a percentage of non-inter-level travel turns spent in this place.
 F = Non-inter-level travel turns spent in this place divided by the number of levels of this place that you've seen.
                   A       B       C       D       E      F
               +-------+-------+-------+-------+-------+----------------------
         Total | 100.0 | 100.0 |   0.4 |   2.2 |   5.7 | 284.7
       Dungeon |  99.4 |  99.4 |   0.4 |   2.2 |   5.7 | 424.2
         Abyss |   0.6 |   0.6 |   0.0 |   0.0 |  18.2 |   5.5
               +-------+-------+-------+-------+-------+----------------------

Table legend:
 A = Kills in this place as a percentage of kills in entire the game.
 B = Kills by you in this place as a percentage of kills by you in the entire game.
 C = Kills by friends in this place as a percentage of kills by friends in the entire game.
 D = Other kills in this place as a percentage of other kills in the entire game.
 E = Experience gained in this place as a percentage of experience gained in the entire game.
 F = Experience gained in this place divided by the number of levels of this place that you have seen.
                   A       B       C       D       E      F
               +-------+-------+-------+-------+-------+----------------------
         Total | 100.0 | 100.0 |  -nan |  -nan | 100.0 |  93.0
       Dungeon | 100.0 | 100.0 |  -nan |  -nan | 100.0 | 139.5
               +-------+-------+-------+-------+-------+----------------------
